 Dungeon Crawl Stone Soup version 0.23.2-30-g0e89c35649 (webtiles) character file.

Game seed: 4537927335659501958

226 senseless the Skirmisher (level 6, 0/63 HPs)
             Began as a Hill Orc Fighter on June 10, 2019.
             Succumbed to a scorpion's poison
             ... on level 4 of the Dungeon.
             The game lasted 00:09:56 (2564 turns).

senseless the Skirmisher (Hill Orc Fighter)         Turns: 2564, Time: 00:09:56

Health: 0/63       AC:  7    Str: 25    XL:     6   Next: 1%
Magic:  6/6        EV:  8    Int:  8    God:
Gold:   250        SH: 10    Dex: 11    Spells: 5/5 levels left

rFire    + . .     SeeInvis .   a - +1 long sword
rCold    + . .     Gourm    .   c - +0 shield
rNeg     . . .     Faith    .   b - +0 scale mail
rPois    +         Spirit   .   (no helmet)
rElec    .         Reflect  .   q - scarf {rC+ rF+}
rCorr    .         Harm     .   (no gloves)
MR       .....                  (no boots)
Stlth    +.........             (no amulet)
HPRegen  0.20/turn              t - ring of stealth
MPRegen  0.10/turn              (no ring)

@: mighty, lethally poisoned (0 -> -13)
A: deterioration 1, poison resistance, robust 2
a: no special abilities


You were on level 4 of the Dungeon.
You were hungry.

You visited 1 branch of the dungeon, and saw 4 of its levels.

You collected 250 gold pieces.

Inventory:

Hand Weapons
 a - a +1 long sword (weapon)
 e - a +0 rapier of venom
 n - a +0 spear of freezing
Armour
 b - a +0 scale mail (worn)
 c - a +0 shield (worn)
 p - a +0 plate armour
 q - a scarf of resistance (worn)
Jewellery
 t - a ring of stealth (left hand)
Wands
 u - a wand of digging (4)
Scrolls
 g - a scroll of remove curse
 h - 8 scrolls of identify
 j - a scroll of enchant armour
 k - a scroll of teleportation
 o - a scroll of amnesia
 s - 3 scrolls of fear
Comestibles
 f - 4 rations
 i - a chunk of flesh


   Skills:
 + Level 4.6 Fighting
 + Level 3.9 Long Blades
 + Level 4.1 Armour
 + Level 1.8 Dodging
 + Level 4.2 Shields


You had 5 spell levels left.
You didn't know any spells.
Your spell library was empty.

Dungeon Overview and Level Annotations

Branches:
Dungeon (4/15)
 Temple: D:4-7

Altars:


Innate Abilities, Weirdness & Mutations

Your body sometimes deteriorates upon taking damage.
Your system is resistant to poisons. (rPois)
You are very robust. (+20% HP)


Message History

* * * LOW HITPOINT WARNING * * *
Your body deteriorates!
You feel clumsy.
You slash the worker ant!
You kill the worker ant!
Your Armour skill increases to level 4!
* * * LOW HITPOINT WARNING * * *
You feel sick. You block the jackal's attack. You block the scorpion's attack.
The jackal barely misses you. The scorpion stings you.
* * * LOW HITPOINT WARNING * * *
You are more poisoned.
The scorpion poisons you!
You slash the scorpion!
You kill the scorpion!
You feel your dexterity returning.
You have reached level 6!
Your experience leads to an increase in your attributes!
Your base attributes are Str 19, Int 8, Dex 11.
Increase (S)trength, (I)ntelligence, or (D)exterity?
You feel stronger.
You die...

*###############**
*...............,*********
*,**#.....#*>#**,,,,,,,,,*
*,* #.#...#*.#
*********,***
**,***,#.<.##.## **,,,*
**,,,,,,#.......####
**,,,,,
*,,,,***####..†....#
**,,*,,,
*,,,,,,,#....@h....#
*,,,,,,,
****,*,**,,#....†.....#
*,,,,,,,
,,,,,,,,,,,#<......$..#*
*,,,,,,,
****,*,**......#.......#
**,,,,,,
*,,,*,*,..##..#..(....#
**,,,,,
*,***,,,..,...####.#..#
*,,,,* *,* ***,,,#.##*
*.#..# *,*,** *,* **,*#.*
*.#,.#****,,,,, *,*
**,**,* **,,,,,,,**,*,*,


You could see a jackal.

Vanquished Creatures
  A scorpion (D:4)
  2 worker ants (D:4)
  5 adders
  A worm (D:2)
  3 dart slugs (D:2)
  4 leopard geckos
  3 giant cockroaches
  4 goblins
  12 hobgoblins
  6 jackals
  12 bats
  5 frilled lizards
  8 kobolds
  6 rats
72 creatures vanquished.

Notes
Turn   | Place    | Note
-------+----------+-------------------------------------------
     0 | D:1      | senseless the Hill Orc Fighter began the quest for the Orb.
     0 | D:1      | Reached XP level 1. HP: 19/19 MP: 1/1
   262 | D:1      | Reached XP level 2. HP: 27/27 MP: 2/2
   765 | D:2      | Reached XP level 3. HP: 32/33 MP: 3/3
   819 | D:2      | Reached skill level 1 in Dodging
  1073 | D:2      | Reached XP level 4. HP: 32/40 MP: 4/4
  1639 | D:3      | Gained mutation: You are robust. (+10% HP) [potion of
                  | mutation]
  1639 | D:3      | Gained mutation: You are very robust. (+20% HP) [potion of
                  | mutation]
  1639 | D:3      | Gained mutation: Your body sometimes deteriorates upon
                  | taking damage. [potion of mutation]
  1639 | D:3      | Gained mutation: Your system is resistant to poisons.
                  | (rPois) [potion of mutation]
  1863 | D:3      | Reached XP level 5. HP: 55/55 MP: 5/5
  2563 | D:4      | HP: 1/56 [scorpion (4)]
  2564 | D:4      | Reached XP level 6. HP: 1/63 MP: 6/6
  2564 | D:4      | Succumbed to a scorpion's poison

Skill      XL: |  1  2  3  4  5 |
---------------+----------------+-----
Dodging        | 1 |  1.8
Long Blades    | 3 |  3.9
Fighting       | 4 |  4.6
Shields        | 4 |  4.2
Armour         | 4 |  4.1

Action                   |  1- 3 |  4- 6 || total
-------------------------+-------+-------++-------
Melee: Long sword        |   112 |   155 ||   267
  Use: Potion            |       |     6 ||     6
       Scroll            |       |     8 ||     8
  Eat: Chunk             |     1 |     4 ||     5
Armor: Scale mail        |    49 |    82 ||   131
Dodge: Dodged            |    50 |    59 ||   109
Block: Shield            |    63 |    86 ||   149
       Rpst.: Long sword |    18 |    22 ||    40
